 Dungeon Sprint DCSS version 0.31-a0-37-g98a128e1d9 (webtiles) character file.

Game seed: 7575330067004140473

437 Elsrick the Fighter (level 7, -3/71 HPs)
             Began as a Hill Orc Fighter on May 16, 2023.
             Succumbed to Sonja's poison
             ... in the Dungeon (Sprint I: "Red Sonja").
             The game lasted 00:02:36 (332 turns).

Elsrick the Fighter (Hill Orc Fighter)               Turns: 332, Time: 00:02:37

Health: -3/71      AC:  8    Str: 21    XL:     7   Next: 1%
Magic:  7/7        EV:  9    Int:  8    God:
Gold:   164        SH:  6    Dex: 10    Spells: 6/6 levels left

rFire   . . .        a - +0 war axe
rCold   . . .        c - +0 buckler
rNeg    . . .        b - +0 scale mail
rPois   .            (no helmet)
rElec   .            (no cloak)
rCorr   .            (no gloves)
SInv    .            (no boots)
Will    .....        (no amulet) Stlth
                     (no ring)
HPRegen 0.31/turn    (no ring)
MPRegen 0.10/turn

%: no teleportation
@: lethally poisoned (-3 -> -49)
A: no striking features
a: no special abilities


You were in the Dungeon.
You visited 1 branch You collected 297 gold pieces.
You spent 133 gold pieces at shops.

Inventory:

Hand Weapons
 a - a +0 war axe (weapon)
Missiles
 g - a poisoned dart (quivered)
Armour
 b - a +0 scale mail (worn)
 c - a +0 buckler (worn)
 k - the +1 leather armour of Too Many Cooks {Drain rElec rPois Int+3}
   (You bought it in a shop in the Dungeon)

   Int:       It affects your intelligence (+3).
   rElec:     It insulates you from electricity.
   rPois:     It protects you from poison.
   Drain:     It drains your maximum health when unequipped.
Wands
 d - a wand of flame (15)
Scrolls
 i - a scroll of summoning {unknown}
 j - a scroll of blinking
Potions
 e - a potion of curing
 f - a potion of heal wounds
 h - 2 potions of magic


   Skills:
 + Level 9.9 Fighting
 + Level 9.0 Axes
 + Level 8.7 Armour
 + Level 8.7 Shields


You had 6 spell levels left.
You didn't know any spells.
Your spell library was empty.

Dungeon Overview and Level Annotations

Branches:
Dungeon (1/1)

Altars:
Cheibriados
Dithmenos
Elyvilon
Fedhas
Gozag
Hepliaklqana
Kikubaaqudgha
Nemelex Xobeh
Okawaru
Qazlal
Ru
Sif Muna
Trog
Uskayaw
Vehumet
Wu Jian
Yredelemnul
Zin
The Shining One

Shops:
D [

Annotations:
D Sonja


Message History

Aim: Sonja, wielding a +2 short sword of venom and quivering curare-tipped darts (9% to hit)
You throw a poisoned dart. The poisoned dart closely misses Sonja.
Sonja casts a spell.
Sonja blinks!
Throw: 2 darts (poison)
Press: ? - help, Q - select action, (/) - cycle Shift-Dir - straight line, f/p - Sonja
Aim: Sonja, wielding a +2 short sword of venom and quivering curare-tipped darts (9% to hit)
You throw a poisoned dart. The poisoned dart hits Sonja.
You block Sonja's attack.
Sonja hits you with a +2 short sword of venom.
Sonja hits you but does no damage.
You are poisoned.
You closely miss Sonja.
You feel sick.
Sonja hits you with a +2 short sword of venom.
You are more poisoned.
Sonja hits you with a +2 short sword of venom.
You are more poisoned.
Sonja hits you but does no damage.
You are more poisoned.
Sonja hits you with a +2 short sword of venom!
You are lethally poisoned!
You block Sonja's attack. Sonja hits you but does no damage.
You are more poisoned.
You miss Sonja.
You feel extremely sick. Sonja hits you but does no damage.
You are more poisoned.
Sonja closely misses you.
Sonja hits you with a +2 short sword of venom.
You are more poisoned.
You hit Sonja but do no damage.
* * * LOW HITPOINT WARNING * * *
You feel extremely sick.
Sonja casts a spell.
Sonja blinks!
Sonja throws a curare-tipped dart.
The curare-tipped dart closely misses you.
* * * LOW HITPOINT WARNING * * *
You feel extremely sick.
You see here a poisoned dart.
You die...

################
#<.#..').#..'..#
#..').#..').#..+
#..#####'#####'#
#..####..#...#.#
#..#__####..##.#
#..#_____##'#_@+
#⌠⌠#_.∩...'..§_#
####_..__##_.#+#
#_____###'#
####### #.#


$K$ $.$ ##(## #+# There were no monsters in sight!

Vanquished Creatures
  Sigmund (D)
  A yak (D)
  An ogre (D)
  A jelly (D)
  Ijyb (D)
5 creatures vanquished.

Notes
Turn   | Place    | Note
-------+----------+-------------------------------------------
     0 | D        | Elsrick the Hill Orc Fighter began the quest for the Orb.
     0 | D        | Reached XP level 1. HP: 19/19 MP: 1/1
     3 | D        | Noticed Ijyb
    10 | D        | Killed Ijyb
    11 | D        | Reached skill level 5 in Fighting
    11 | D        | Reached XP level 2. HP: 3/29 MP: 2/2
    11 | D        | Reached XP level 3. HP: 4/36 MP: 3/3
   136 | D        | Noticed an ogre
   140 | D        | Killed an ogre
   141 | D        | Reached skill level 5 in Axes
   141 | D        | Reached XP level 4. HP: 47/47 MP: 4/4
   143 | D        | Noticed Sigmund
   147 | D        | Killed Sigmund
   148 | D        | Reached XP level 5. HP: 56/56 MP: 5/5
   148 | D        | Reached XP level 6. HP: 62/62 MP: 6/6
   171 | D        | Found a shimmering blue altar of Sif Muna.
   172 | D        | Found an ornate altar of the Wu Jian Council.
   173 | D        | Found a radiant altar of Vehumet.
   203 | D        | Found Lott's Antique Armour Emporium.
   203 | D        | Found an ancient bone altar of Kikubaaqudgha.
   203 | D        | Found a hazy altar of Hepliaklqana.
   203 | D        | Found a stormy altar of Qazlal.
   203 | D        | Found a hide-covered altar of Uskayaw.
   203 | D        | Found a blossoming altar of Fedhas.
   203 | D        | Found a bloodstained altar of Trog.
   203 | D        | Found an iron altar of Okawaru.
   203 | D        | Found a basalt altar of Yredelemnul.
   203 | D        | Found a glowing golden altar of the Shining One.
   203 | D        | Found a snail-covered altar of Cheibriados.
   203 | D        | Found a sacrificial altar of Ru.
   203 | D        | Found a glowing silver altar of Zin.
   203 | D        | Found a shadowy altar of Dithmenos.
   203 | D        | Found a white marble altar of Elyvilon.
   203 | D        | Noticed a yak
   212 | D        | Killed a yak
   213 | D        | Reached XP level 7. HP: 42/71 MP: 7/7
   213 | D        | Found an opulent altar of Gozag.
   214 | D        | Found a sparkling altar of Nemelex Xobeh.
   319 | D        | Bought a dazzling leather armour for 133 gold pieces
   319 | D        | Identified the +1 leather armour of Too Many Cooks {Drain
                  | rElec rPois Int+3} (You bought it in a shop in the Dungeon)
   325 | D        | Noticed Sonja
   332 | D        | Succumbed to Sonja's poison

Illustrated notes

Levels and vault maps discovered:
D:        dungeon_sprint_1 [red_sonja_temple_1, red_sonja_temple_small_1]

Skill      XL: |  1  2  3  4  5  6 |
---------------+-------------------+-----
Fighting       | 5 7 8 9 |  9.9
Axes           | 3 5 7 9 |  9.0
Armour         | 4 6 7 8 |  8.7
Shields        | 4 6 7 8 |  8.7

Action                     |  1- 3 |  4- 6 |  7- 9 || total
---------------------------+-------+-------+-------++-------
  Melee: War axe           |    10 |    13 |     3 ||    26
  Throw: Dart              |       |       |     2 ||     2
    Use: Potion            |     2 |     1 |       ||     3
 Armour: Scale mail        |     1 |     2 |     4 ||     7
  Dodge: Dodged            |     3 |     4 |     2 ||     9
  Block: Buckler           |     1 |     2 |     2 ||     5

Table legend: (Time is in decaauts)
 A = Elapsed time spent in this place.
 B = Non-inter-level travel time spent in this place.
 C = Inter-level travel time spent in this place.
 D = Time resting spent in this place.
 E = Time spent auto-exploring this place.
 F = Levels seen in this place.
 G = Mean time per level.
                   A        B        C        D        E       F      G
               +--------+--------+--------+--------+--------+-----+--------+
         Total |    335 |    335 |      0 |    200 |      0 |   1 |  335.0 |
       Dungeon |    335 |    335 |      0 |    200 |      0 |   1 |  335.0 |
               +--------+--------+--------+--------+--------+-----+--------+

Top non-repeatable levels by time:
       D: 335 daAuts
